 Dungeon Crawl Stone Soup version 0.23.0-42-geed6394 (webtiles) character file.

Game seed: 8642565503714569107

297 Fang the Skirmisher (level 6, -10/58 HPs)
             Began as a Gargoyle Berserker on Feb 28, 2019.
             Was a Believer of Trog.
             Mangled by an orc warrior
             ... wielding a +0 flail
              (13 damage)
             ... on level 3 of the Dungeon.
             The game lasted 00:03:35 (1769 turns).

Fang the Skirmisher (Gargoyle Berserker)            Turns: 1769, Time: 00:03:36

Health: -10/58     AC: 13    Str: 28    XL:     6   Next: 35%
Magic:  6/6        EV:  9    Int:  7    God:    Trog [**....]
Gold:   193        SH:  0    Dex:  9    Spells: 5/5 levels left

rFire    . . .     SeeInvis .   a - +0 hand axe
rCold    . . .     Gourm    .   (no shield)
rNeg     + . .     Faith    .   g - +0 chain mail
rPois    ∞         Spirit   .   (no helmet)
rElec    +         Reflect  .   (no cloak)
rCorr    .         Harm     .   (no gloves)
MR       .....                  (no boots)
Stlth    ..........             (no amulet)
HPRegen  0.19/turn              (no ring)
MPRegen  0.10/turn              (no ring)

@: berserking, very quick
A: negative energy resistance 1, electricity resistance, unbreathing,
petrification resistance, rot immunity, AC +4
a: Berserk, Trog's Hand, Renounce Religion


You were on level 3 of the Dungeon.
You worshipped Trog.
Trog was pleased with you.
You were hungry.

You visited 1 branch of the dungeon, and saw 3 of its levels.

You collected 193 gold pieces.

Inventory:

Hand Weapons
 a - a +0 hand axe (weapon)
Armour
 g - a +0 chain mail (worn)
Jewellery
 m - an uncursed amulet of regeneration {unknown}
Scrolls
 b - 7 scrolls of identify {unknown}
 f - a scroll of magic mapping {unknown}
 h - 2 scrolls of remove curse {unknown}
 i - a scroll of enchant armour {unknown}
 j - 4 scrolls of enchant weapon {unknown}
Potions
 e - a potion of agility {unknown}
 k - 2 potions of berserk rage {unknown}
 l - a potion of might {unknown}
Comestibles
 c - 3 rations
 d - a chunk of flesh


   Skills:
 + Level 4.7 Fighting
 + Level 3.9 Axes
 + Level 4.0 Armour
 + Level 2.9 Dodging


You had 5 spell levels left.
You didn't know any spells.
Your spell library was empty.

Dungeon Overview and Level Annotations

Branches:
Dungeon (3/15)

Altars:
Makhleb


Innate Abilities, Weirdness & Mutations

You are resistant to torment.
Your stone body is resilient. (AC +4)
You are immune to poison.
You resist negative energy. (rN+)
You are resistant to electric shocks. (rElec)
You can survive without breathing.
You are immune to petrification.
You are immune to rotting.


Message History

You kill the leopard gecko!
Trog accepts your kill.
You hit the orc warrior.
The orc warrior hits you with a +0 flail!!
* * * LOW HITPOINT WARNING * * *
You are too injured to fight recklessly!
A red film seems to cover your vision as you go berserk!
You feel yourself moving faster!
You feel mighty!
You are feeling hungry.
The orc warrior hits you but does no damage.
You slash the orc warrior!
The orc warrior is moderately wounded.
The orc warrior hits you with a +0 flail!
* * * LOW HITPOINT WARNING * * *
You barely miss the orc warrior.
The orc warrior is moderately wounded.
You closely miss the orc warrior.
The orc warrior is moderately wounded.
The orc warrior hits you with a +0 flail!
You die...

..#..###..#
#.....#..#
#.......#
#......#
##......#
#......#
#..<)..#
#..<...#
#...o@.#
......†)##
#...###..
#..# #...
#.. ##...
... ##..
..# .#


You could see an orc warrior.

Vanquished Creatures
  Sigmund (D:2)
  An orc priest (D:3)
  2 adders (D:2)
  A gnoll (D:1)
  2 oozes (D:1)
  2 dart slugs (D:1)
  3 leopard geckos
  4 bats
  A giant cockroach (D:1)
  8 goblins
  7 hobgoblins
  10 jackals
  7 kobolds
  A quokka (D:2)
  8 frilled lizards
  9 rats
67 creatures vanquished.

Notes
Turn   | Place    | Note
-------+----------+-------------------------------------------
     0 | D:1      | Fang the Gargoyle Berserker began the quest for the Orb.
     0 | D:1      | Reached XP level 1. HP: 14/14 MP: 1/1
    94 | D:1      | Reached XP level 2. HP: 17/19 MP: 2/2
   294 | D:1      | Reached XP level 3. HP: 21/23 MP: 3/3
   319 | D:1      | Reached ** piety under Trog
   704 | D:1      | Reached XP level 4. HP: 29/29 MP: 4/4
  1101 | D:2      | Found a burning altar of Makhleb.
  1374 | D:2      | Found a faded altar of an unknown god.
  1523 | D:2      | Noticed Sigmund
  1533 | D:2      | Killed Sigmund
  1533 | D:2      | Reached XP level 5. HP: 33/34 MP: 5/5
  1533 | D:2      | Reached XP level 6. HP: 37/39 MP: 6/6
  1757 | D:3      | Noticed an orc warrior
  1767 | D:3      | HP: 2/58 [orc warrior/+0 flail (7)]
  1769 | D:3      | Mangled by an orc warrior

Skill      XL: |  1  2  3  4  5  6 |
---------------+-------------------+-----
Axes           | 3 |  3.9
Dodging        | 2 |  2.9
Armour         | 3 4 |  4.0
Fighting       | 4 |  4.7

Action                   |  1- 3 |  4- 6 || total
-------------------------+-------+-------++-------
Melee: Hand axe          |   111 |   114 ||   225
Invok: Berserk           |       |     2 ||     2
 Stab: Sleeping          |     1 |       ||     1
  Eat: Chunk             |       |     4 ||     4
Armor: Animal skin       |    30 |       ||    30
       Chain mail        |    23 |   101 ||   124
Dodge: Dodged            |    68 |    76 ||   144
